 Dungeon Crawl Stone Soup version 0.26-a0-466-g989023bd0d (webtiles) character file.

Game seed: 15670866303171147267

164 night the Stinger (level 5, 0/38 HPs)
             Began as a Draconian Venom Mage on Aug 12, 2020.
             Slain by an ufetubus (3 damage)
             ... on level 6 of the Dungeon.
             The game lasted 00:07:00 (2777 turns).

night the Stinger (Draconian Venom Mage)            Turns: 2777, Time: 00:07:01

Health: 0/38       AC:  9    Str: 16    XL:     5   Next: 21%
Magic:  6/10       EV: 12    Int: 16    God:
Gold:   66         SH:  0    Dex: 12    Spells: 4/11 levels left

rFire    . . .     SeeInvis .   d - +3 spear (vamp)
rCold    . . .     Faith    .   (no shield)
rNeg     . . .     Spirit   .   (armour unavailable)
rPois    .         Reflect  .   (helmet restricted)
rElec    .         Harm     .   (no cloak)
rCorr    .                      (no gloves)
MR       .....                  (no boots)
Stlth    +.........             c - amulet of the acrobat
HPRegen  0.12/turn              l - +6 ring of strength
MPRegen  0.12/turn              h - +4 ring of protection

@: confused, lethally poisoned (0 -> -3)
A: unfitting armour, cold-blooded, AC +5
a: no special abilities


You were on level 6 of the Dungeon.
You visited 1 branch of the dungeon, and saw 4 of its levels.

You collected 66 gold pieces.

Inventory:

Hand Weapons
 d - a +3 vampiric spear (weapon)
Missiles
 i - 7 atropa-tipped darts (quivered)
 k - 20 sling bullets
 m - 138 stones
Jewellery
 c - an amulet of the acrobat (around neck)
 h - a +4 ring of protection (right hand)
 l - a +6 ring of strength (left hand)
Scrolls
 b - 6 scrolls of identify
 g - a scroll of teleportation
 n - a scroll of random uselessness


   Skills:
 - Level 1.7 Dodging
 - Level 1.7 Stealth
 + Level 3.8 Spellcasting
 - Level 1.0 Transmutations
 + Level 4.7 Poison Magic


You had 4 spell levels left.
You knew the following spells:

 Your Spells              Type           Power        Failure   Level
a - Sting                 Tmut/Pois      ##..         5%          1
c - Ignite Poison         Fire/Tmut/Pois #.......     24%         3
e - Mephitic Cloud        Conj/Pois/Air  #.......     26%         3

Your spell library contained the following spells:

 Spells                   Type           Power        Failure   Level
 Poisonous Vapours        Pois/Air       ##....       10%         2
 Olgreb's Toxic Radiance  Pois           ###.....     24%         4


Dungeon Overview and Level Annotations

Branches:
Dungeon (3/15)

Altars:
Elyvilon


Innate Abilities, Weirdness & Mutations

Your plain brown scales are hard. (AC +5)
You cannot fit into any form of body armour.
You are cold-blooded and may be slowed by cold attacks.


Message History

The ufetubus hits you but does no damage.
The bullfrog is engulfed in noxious fumes.
The bullfrog appears confused.
The gnoll is engulfed in noxious fumes.
The gnoll hits you with a +0 spear. The ufetubus closely misses you.
The ufetubus barely misses you.
The worker ant bites you but does no damage.
You bump into the rock wall.
The ufetubus hits you.
* * * LOW HITPOINT WARNING * * *
The ufetubus barely misses you. The worker ant bites you.
* * * LOW HITPOINT WARNING * * *
You are poisoned.
The worker ant poisons you!
The gnoll is engulfed in noxious fumes.
The gnoll appears confused.
The gnoll misses you.
The bullfrog hits the worker ant.
The bullfrog hits itself!
You hit the bullfrog.
You feel better.
The bullfrog is heavily wounded.
You feel sick. The ufetubus hits you.
* * * LOW HITPOINT WARNING * * *
The ufetubus hits you.
You die...

*,,,,,.g.,,###..#l#...#...
*,,..,....,..S..#.####Z...
*,,,......[###.##l# #....
***##.#......l....# #....
#.....####.##### #$...
#.....* #Z# #.... #.....*
#.# #.... #....g####g#
#####.... #....F@5log#
#........ #####a######
#........ *,...,*
#......?# #....,*
#.......# #..$<,*
#.......# #....,*
#......$# #####**
#......(# #.......#
#########


You could see a bullfrog (confused), a gnoll shaman, an iguana, a worker ant, an
orc wizard (fast), 2 gnolls and an ufetubus.

Vanquished Creatures
  An orc priest (D:6)
  Jessica (D:3)
  5 gnolls
  A howler monkey skeleton (D:3)
  3 leopard geckos (D:2)
  9 bats
  5 goblins
  4 hobgoblins
  8 jackals (D:1)
  5 kobolds
  A quokka (D:2)
  2 frilled lizards
  3 rats
48 creatures vanquished.

Notes
Turn   | Place    | Note
-------+----------+-------------------------------------------
     0 | D:1      | night the Draconian Venom Mage began the quest for the Orb.
     0 | D:1      | Reached XP level 1. HP: 14/14 MP: 3/3
   258 | D:1      | Reached XP level 2. HP: 20/20 MP: 1/5
   813 | D:1      | Reached XP level 3. HP: 26/26 MP: 7/7
  1345 | D:2      | Learned a level 3 spell: Ignite Poison
  1349 | D:2      | Learned a level 3 spell: Mephitic Cloud
  2055 | D:3      | Reached skill level 4 in Poison Magic
  2222 | D:2      | Reached XP level 4. HP: 22/33 MP: 5/8
  2396 | D:3      | Found a white marble altar of Elyvilon.
  2625 | D:3      | Noticed Jessica
  2632 | D:3      | Killed Jessica
  2716 | D:3      | You fall into a shaft and drop 3 floors!
  2749 | D:6      | Noticed a bullfrog
  2766 | D:6      | HP: 1/33 [gnoll/+0 spear (11)]
  2768 | D:6      | Reached XP level 5. HP: 20/38 MP: 8/10
  2777 | D:6      | HP: 3/38 [ufetubus (5)]
  2777 | D:6      | Slain by an ufetubus

Illustrated notes

Levels and vault maps discovered:
D:1:      co_arrival_hexagon_in_a_hexagon, layout_basic
D:2:      layout_loops_cross, supply_closet_lemuel, minmay_liquid_box,
          minmay_misc_feat_encased
D:3:      layout_basic, elyvilon_altar_5, uniq_robin, uniq_jessica
D:6:      layout_basic, minmay_between, uniq_grinder

Skill      XL: |  1  2  3 |
---------------+----------+-----
Spellcasting   | 3 |  3.8
Poison Magic   | 4 |  4.7
Dodging        | |  1.7
Stealth        | |  1.7
Transmutations | |  1.0

Action                   |  1- 3 |  4- 6 || total
-------------------------+-------+-------++-------
Melee: Unarmed           |     8 |       ||     8
       Spear             |    65 |    22 ||    87
       Tailslap          |     3 |     2 ||     5
 Cast: Sting             |    48 |    16 ||    64
       Mephitic Cloud    |       |     1 ||     1
  Use: Scroll            |       |     5 ||     5
       Potion            |       |     3 ||     3
 Stab: Sleeping          |     3 |       ||     3
Armor: Skin              |    38 |    38 ||    76
Dodge: Dodged            |    92 |    91 ||   183

Table legend: (Time is in decaauts)
 A = Elapsed time spent in this place.
 B = Non-inter-level travel time spent in this place.
 C = Inter-level travel time spent in this place.
 D = Time resting spent in this place.
 E = Time spent auto-exploring this place.
 F = Levels seen in this place.
 G = Mean time per level.
                   A        B        C        D        E       F      G
               +--------+--------+--------+--------+--------+-----+--------+
         Total |   2785 |   2744 |     41 |    511 |   1763 |   4 |  696.2 |
       Dungeon |   2785 |   2744 |     41 |    511 |   1763 |   4 |  696.2 |
               +--------+--------+--------+--------+--------+-----+--------+

Top non-repeatable levels by time:
     D:1: 1233 daAuts
     D:2: 1007 daAuts
     D:3: 482 daAuts
     D:6: 61 daAuts
